 Dungeon Crawl Stone Soup version 0.24.0-13-gcf9b319 (webtiles) character file.

Game seed: 18172699789774460948, levelgen mode: deterministic

35 EndlessMike the Slasher (level 3, -16/40 HPs)
             Began as a Vampire Skald on Apr 5, 2020.
             Demolished by Crazy Yiuf
             ... wielding a +4 quarterstaff of chaos
              (20 damage)
             ... on level 2 of the Dungeon.
             The game lasted 00:02:08 (806 turns).

EndlessMike the Slasher (Vampire Skald)              Turns: 806, Time: 00:02:10

Health: -16/40     AC:  3    Str: 15 (16) XL:     3   Next: 16%
Magic:  11/15      EV: 12    Int: 12 (15) God:
Gold:   77         SH:  0    Dex: 10 (13) Spells: 3/6 levels left

rFire    . . .     SeeInvis +   a - +0 falchion
rCold    . . .     Gourm    .   (no shield)
rNeg     . . .     Faith    .   b - +0 leather armour
rPois    .         Spirit   .   (no helmet)
rElec    .         Reflect  .   (no cloak)
rCorr    .         Harm     .   (no gloves)
MR       .....                  (no boots)
Stlth    ..........             (no amulet)
HPRegen  0.33/turn              j - ring of magical power
MPRegen  0.14/turn              (no ring)

@: berserking, infused, very slightly contaminated, regenerating quickly, very
quick
A: no food, fangs 3, see invisible, unbreathing
a: Exsanguinate


You were on level 2 of the Dungeon.
You were alive.

You visited 1 branch of the dungeon, and saw 2 of its levels.

You collected 77 gold pieces.

Inventory:

Hand Weapons
 a - a +0 falchion (weapon)
Armour
 b - a +0 leather armour (worn)
Jewellery
 j - a ring of magical power (left hand)
Scrolls
 c - 2 scrolls of identify {unknown}
 f - a scroll of noise {unknown}
 g - a scroll of enchant armour {unknown}
 i - a scroll of remove curse {unknown}


   Skills:
 - Level 1.7 Fighting
 + Level 3.6 Long Blades
 - Level 0.7 Armour
 - Level 2.1 Dodging
 - Level 2.0 Spellcasting
 - Level 3.2 Charms


You had 3 spell levels left.
You knew the following spells:

 Your Spells              Type           Power        Failure   Level  Hunger
o - Shroud of Golubria    Chrm/Tloc      #.....       26%         2    N/A
u - Infusion              Chrm           #...         9%          1    N/A

Your spell library contained the following spells:

 Spells                   Type           Power        Failure   Level  Hunger
 Song of Slaying          Chrm           #.......     13%         2    N/A
 Regeneration             Chrm/Necr      #.........   45%         3    N/A
 Spectral Weapon          Hex/Chrm       #.......     45%         3    N/A

Dungeon Overview and Level Annotations

Branches:
Dungeon (2/15)

Altars:

Annotations:
D:2 Crazy Yiuf


Innate Abilities, Weirdness & Mutations

You do not eat.
Your natural rate of healing is unusually fast.
You have razor-sharp teeth.
You have supernaturally acute eyesight. (SInv)
You can survive without breathing.


Message History

You see here a mace.
You aren't carrying any items that you can evoke.
Unknown command.
You bump into the tree.
Crazy Yiuf misses you.
You bump into the tree.
You feel less confused.
You hit Crazy Yiuf.
Crazy Yiuf is moderately wounded.
Crazy Yiuf hits you with a +4 quarterstaff of chaos!
Ouch! That really hurt!
* * * LOW HITPOINT WARNING * * *
A red film seems to cover your vision as you go berserk!
You feel yourself moving faster!
You feel mighty!
You barely miss Crazy Yiuf.
Crazy Yiuf is moderately wounded.
Crazy Yiuf hits you with a +4 quarterstaff of chaos.
* * * LOW HITPOINT WARNING * * *
You are electrocuted!!
Ouch! That really hurt!
You die...

#............#
#..
#.##########.#
#.# #.# #.# .#
#.# ## #.#
#.###♣♣♣♣♣
#.#...)♣)♣♣♣ ###
#......)♣)@♣#)))#
#......♣♣♣♣g')).#
##....♣♣ ♣♣#)))#
####♣♣ ###


You could see Crazy Yiuf.

Vanquished Creatures
  An ooze (D:1)
  2 leopard geckos (D:1)
  5 bats
  2 giant cockroaches (D:1)
  4 goblins (D:1)
  A hobgoblin (D:1)
  6 kobolds
  A quokka (D:2)
  3 frilled lizards
  3 rats
28 creatures vanquished.

Notes
Turn   | Place    | Note
-------+----------+-------------------------------------------
     0 | D:1      | EndlessMike the Vampire Skald began the quest for the Orb.
     0 | D:1      | Reached XP level 1. HP: 16/16 MP: 3/3
   150 | D:1      | Reached XP level 2. HP: 21/22 MP: 5/5
   618 | D:1      | Reached XP level 3. HP: 27/27 MP: 6/6
   622 | D:1      | Learned a level 2 spell: Shroud of Golubria
   789 | D:2      | Found a runed translucent door.
   790 | D:2      | Noticed Crazy Yiuf
   806 | D:2      | Demolished by Crazy Yiuf

Levels and vault maps discovered:
D:1:      dpeg_arrival_shrine, layout_basic
D:2:      layout_basic, uniq_jessica, uniq_crazy_yiuf_cottage

Skill      XL: |  1  2 |
---------------+-------+-----
Long Blades    | 3 |  3.6
Fighting       | |  1.7
Armour         | |  0.7
Dodging        | |  2.1
Spellcasting   | |  2.0
Charms         | |  3.2

Action                   || total
-------------------------++-------
Melee: Falchion          ||    84
       Bite              ||     4
 Cast: Shroud of Golubri ||     1
       Infusion          ||     1
  Use: Potion            ||     3
Armor: Leather armour    ||    35
Dodge: Dodged            ||    65
       Rpst.: Falchion   ||    21
